 Dungeon Crawl Stone Soup version 0.28-a0-401-ge240ad9e29 (webtiles) character file.

Game seed: 9177954400970012293

10987 ytrimaz the Basher (level 11, -4/145 HPs)
             Began as a Minotaur Berserker on Sept 4, 2021.
             Was a High Priest of Trog.
             Slain by a five-headed hydra (9 damage)
             ... on level 14 of the Dungeon.
             The game lasted 00:22:11 (12774 turns).

ytrimaz the Basher (Minotaur Berserker)            Turns: 12774, Time: 00:22:12

Health: -4/145     AC: 21    Str: 26    XL:     11   Next: 43%
Magic:  10/10      EV:  9    Int: 10    God:    Trog [*****.]
Gold:   505        SH:  0    Dex:  9    Spells: 10/10 levels left

rFire   . . .      SeeInvis .   B - +2 dire flail (freeze)
rCold   . . .      Faith    .   (shield currently unavailable)
rNeg    . . .      Spirit   .   m - +0 plate armour
rPois   +          Reflect  .   (helmet restricted)
rElec   .          Harm     .   z - +2 cloak {rPois}
rCorr   +          Rampage  .   o - +1 pair of gloves
Will    .....                   (no boots)
Stlth   ..........              (no amulet)
HPRegen 0.34/turn               k - +6 ring of intelligence
MPRegen 0.12/turn               l - ring of resist corrosion

@: berserking, very quick
A: horns 2, retaliatory headbutt
a: Renounce Religion, Berserk, Trog's Hand, Brothers in Arms


You were on level 14 of the Dungeon.
You worshipped Trog.
Trog was extremely pleased with you.
You visited 2 branches of the dungeon, and saw 14 of its levels.

You collected 708 gold pieces.
You spent 203 gold pieces at shops.

Inventory:

Hand Weapons
 a - a +0 hand axe
 q - a +8 club
 u - a +0 broad axe
 B - a +2 dire flail of freezing (weapon)
Armour
 i - +0 steam dragon scales
 m - a +0 plate armour (worn)
 o - a +1 pair of gloves (worn)
 z - a +2 cloak of poison resistance (worn)
 A - a +0 cloak of stealth
Jewellery
 b - a +6 ring of intelligence
 k - a +6 ring of intelligence (left hand)
 l - a ring of resist corrosion (right hand)
 s - an amulet of the acrobat
 x - a ring of poison resistance
Wands
 j - a wand of mindburst (14)
 p - a wand of paralysis (11)
 y - a wand of polymorph (4)
Scrolls
 d - a scroll of fog
 e - a scroll of immolation
 n - a scroll of enchant weapon
 r - a scroll of teleportation
 v - a scroll of identify
Potions
 f - 4 potions of lignification
 g - a potion of brilliance
 h - 4 potions of berserk rage
 t - a potion of flight
 w - 3 potions of curing
 C - a potion of might {unknown}


   Skills:
 + Level 9.0 Fighting
 - Level 6.1(11.0) Axes
 * Level 13.9(14.3) Maces & Flails
 + Level 12.5 Armour
 + Level 3.8 Dodging


You had 10 spell levels left.
You didn't know any spells.
Your spell library was empty.

Dungeon Overview and Level Annotations

Branches:
Dungeon (14/15)            Temple (1/1) D:5            Lair (0/6) D:10
    Orc (0/2) D:10
 Vaults: D:13-14

Altars:
Ashenzari
Cheibriados
Dithmenos
Elyvilon
Fedhas
Gozag
Hepliaklqana
Kikubaaqudgha
Makhleb
Nemelex Xobeh
Okawaru
Qazlal
Ru
Sif Muna
Trog
Uskayaw
Vehumet
Wu Jian
Xom
Yredelemnul
Zin
The Shining One

Shops:
D:5 [   D:6 [

Annotations:
D:9 exclusion: obsidian statue


Innate Abilities, Weirdness & Mutations

You have a pair of horns on your head.
You reflexively headbutt those who attack you in melee.


Message History

The eight-headed hydra barely misses you.
The eight-headed hydra closely misses you.
The eight-headed hydra bites you.
The eight-headed hydra barely misses you.
The eight-headed hydra bites you. The five-headed hydra bites you!
The five-headed hydra bites you but does no damage.
The five-headed hydra barely misses you.
The five-headed hydra bites you but does no damage.
The five-headed hydra closely misses you.
You puncture the five-headed hydra! You freeze the five-headed hydra.
The five-headed hydra is lightly wounded.
You completely miss the five-headed hydra.
You headbutt the five-headed hydra!
The five-headed hydra is moderately wounded.
The five-headed hydra bites you!
The five-headed hydra closely misses you.
The five-headed hydra bites you.
The five-headed hydra bites you but does no damage. x2
The eight-headed hydra closely misses you.
The eight-headed hydra bites you!
The eight-headed hydra bites you but does no damage. x2
The eight-headed hydra bites you. x2
* * * LOW HITPOINT WARNING * * *
The eight-headed hydra bites you!
* * * LOW HITPOINT WARNING * * *
The eight-headed hydra bites you.
* * * LOW HITPOINT WARNING * * *
You sock the five-headed hydra! You freeze the five-headed hydra.
The five-headed hydra is heavily wounded.
You barely miss the five-headed hydra.
The five-headed hydra is heavily wounded.
You sock the five-headed hydra! You freeze the five-headed hydra.
The five-headed hydra is severely wounded.
The five-headed hydra barely misses you. x2
The five-headed hydra bites you!
* * * LOW HITPOINT WARNING * * *
The five-headed hydra bites you!
* * * LOW HITPOINT WARNING * * *
The five-headed hydra bites you!
You die...

#+#######+#########
...................
..................
.................
#...##..##...##.
##...##..##...#
#..............#
#>.............#
#...D@D........#
#............<.#
##.............
#...###+####+#
..... ......
#+##+##


You could see an eight-headed hydra and a five-headed hydra.

Vanquished Creatures
  A centaur warrior (D:14)
  2 two-headed ogres
  A deep elf pyromancer (D:9)
  4 centaur zombies
  A manticore (D:14)
  3 trolls
  A hornet (D:8)
  7 yaks
  5 wyverns
  2 wraiths
  A basilisk (D:10)
  A steam dragon (D:8)
  Menkaure (D:4)
  2 swamp worms (D:7)
  Duvessa (D:7)
  5 water moccasins
  An ice beast (D:7)
  3 orc warriors
  A sky beast (D:5)
  2 black bears
  A necrophage (D:6)
  An ogre (D:6)
  2 centaurs
  4 wolves (D:10)
  2 phantoms
  2 kobold brigands
  5 scorpions
  3 bullfrogs
  Dowan (D:7)
  A water moccasin skeleton (D:6)
  3 howler monkeys
  14 wights
  A bullfrog zombie (D:6)
  5 hounds
  A jelly (D:5)
  5 orc priests
  3 bullfrog skeletons
  3 iguanas
  Ijyb (D:4)
  6 orc wizards
  A killer bee zombie (D:8)
  A hound skeleton (D:4)
  A howler monkey zombie (D:6)
  4 gnolls (D:3)
  3 howler monkey skeletons
  7 adders
  A white imp (D:6)
  2 ufetubi
  A worm (D:2)
  3 dart slugs
  25 orcs
  12 bats
  7 endoplasms
  A giant cockroach (D:1)
  11 hobgoblins
  11 jackals
  3 quokkas
  8 ball pythons
  2 frilled lizards (D:1)
  8 goblins
  18 kobolds
  5 rats
244 creatures vanquished.

Vanquished Creatures (others)
  2 fungi (D:10)
  16 plants
18 creatures vanquished.

Grand Total: 262 creatures vanquished

Notes
Turn   | Place    | Note
-------+----------+-------------------------------------------
     0 | D:1      | ytrimaz the Minotaur Berserker began the quest for the Orb.
     0 | D:1      | Reached XP level 1. HP: 19/19 MP: 0/0
   294 | D:1      | Reached XP level 2. HP: 27/27 MP: 1/1
   840 | D:1      | Found a faded altar of an unknown god.
   971 | D:2      | Reached XP level 3. HP: 29/34 MP: 2/2
  1093 | D:2      | Reached ** piety under Trog
  1094 | D:2      | Reached XP level 4. HP: 41/41 MP: 3/3
  1248 | D:2      | Reached skill level 5 in Axes
  1636 | D:3      | Reached XP level 5. HP: 45/47 MP: 4/4
  2104 | D:3      | Reached *** piety under Trog
  2584 | D:4      | Found an iron altar of Okawaru.
  2736 | D:4      | Noticed Ijyb
  2745 | D:4      | Paralysed by Ijyb for 4 turns
  2751 | D:4      | Paralysed by Ijyb for 6 turns
  2764 | D:4      | Killed Ijyb
  3030 | D:4      | Reached skill level 5 in Fighting
  3105 | D:4      | Reached skill level 1 in Maces & Flails
  3105 | D:4      | Reached XP level 6. HP: 49/56 MP: 5/5
  3501 | D:4      | Found a stormy altar of Qazlal.
  3544 | D:4      | Noticed Menkaure
  3550 | D:4      | Killed Menkaure
  3551 | D:4      | Reached skill level 2 in Maces & Flails
  3551 | D:4      | Reached skill level 5 in Armour
  3551 | D:4      | Reached XP level 7. HP: 61/61 MP: 6/6
  4085 | D:5      | Entered Level 5 of the Dungeon
  4109 | D:5      | Reached skill level 3 in Maces & Flails
  4329 | D:5      | Found a white marble altar of Elyvilon.
  4470 | D:5      | Found a staircase to the Ecumenical Temple.
  4482 | Temple   | Entered the Ecumenical Temple
  4735 | D:5      | Found Gozidiny's Antique Armour Shop.
  4871 | D:5      | Reached skill level 4 in Maces & Flails
  4889 | D:5      | Noticed a wyvern
  4898 | D:5      | Killed a wyvern
  4899 | D:5      | Reached XP level 8. HP: 36/70 MP: 7/7
  5125 | D:5      | Found a shimmering altar of Xom.
  5168 | D:5      | Reached skill level 5 in Maces & Flails
  5582 | D:6      | Reached skill level 6 in Maces & Flails
  5767 | D:6      | Reached skill level 7 in Maces & Flails
  5860 | D:6      | Found Ickaenaj's Armour Shop.
  5883 | D:6      | Bought a +2 cloak of poison resistance for 203 gold pieces
  6102 | D:7      | Reached skill level 8 in Maces & Flails
  6121 | D:7      | Reached XP level 9. HP: 61/78 MP: 8/8
  6660 | D:7      | Reached skill level 9 in Maces & Flails
  6752 | D:7      | Reached **** piety under Trog
  6796 | D:7      | Noticed Duvessa
  6796 | D:7      | Noticed Dowan
  6813 | D:7      | Killed Duvessa
  6819 | D:7      | Killed Dowan
  6977 | D:7      | Found a snail-covered altar of Cheibriados.
  7033 | D:7      | Reached skill level 10 in Maces & Flails
  7802 | D:8      | Noticed a two-headed ogre
  7811 | D:8      | Killed a two-headed ogre
  7812 | D:8      | Reached skill level 11 in Maces & Flails
  7812 | D:8      | Reached skill level 10 in Armour
  7812 | D:8      | Reached XP level 10. HP: 88/88 MP: 9/9
  7874 | D:8      | Found a hide-covered altar of Uskayaw.
  7969 | D:8      | Found a basalt altar of Yredelemnul.
  7969 | D:8      | Found an opulent altar of Gozag.
  8705 | D:9      | Reached skill level 12 in Maces & Flails
  8708 | D:9      | Found an ornate altar of the Wu Jian Council.
  8772 | D:9      | Noticed a deep elf pyromancer
  8790 | D:9      | Killed a deep elf pyromancer
  9075 | D:9      | Found the +4 robe of Folly {Brilliance Will-∞ Int+8}
  9077 | D:9      | Noticed an obsidian statue
  9081 | D:9      | Noticed a smoke demon
  9330 | D:9      | Noticed a two-headed ogre
  9341 | D:9      | Found a faded altar of an unknown god.
  9827 | D:9      | Found an ancient bone altar of Kikubaaqudgha.
  9882 | D:9      | Killed a two-headed ogre
 10708 | D:9      | Reached skill level 13 in Maces & Flails
 10806 | D:10     | Entered Level 10 of the Dungeon
 10879 | D:10     | Reached ***** piety under Trog
 11108 | D:10     | Reached XP level 11. HP: 91/95 MP: 10/10
 11350 | D:10     | Found a staircase to the Lair.
 11800 | D:10     | Found a staircase to the Orcish Mines.
 12209 | D:11     | You fall into a shaft and drop 3 floors!
 12209 | D:14     | Noticed a centaur warrior
 12222 | D:14     | Killed a centaur warrior
 12261 | D:13     | Noticed a five-headed hydra
 12766 | D:13     | Noticed an eight-headed hydra
 12774 | D:14     | HP: 5/145 [five-headed hydra (9)]
 12774 | D:14     | Slain by a five-headed hydra

Illustrated notes

Levels and vault maps discovered:
D:1:      minmay_arrival_widening_spiral_wide, layout_basic,
          hellmonk_ecumenical_altar_leap_of_faith
D:2:      layout_loops_ring, minmay_misc_feat_columns
D:3:      layout_loops_ring, minivault_27, minivault_23, grunt_ministairs_13
D:4:      layout_basic, mainiacjoe_overflow_catwalk_spiral,
          minmay_pentomino_pile, uniq_ijyb, uniq_menkaure
D:5:      layout_rooms, nicolae_overflow_hidden_temple, amcnicky_altar_gilded,
          temple_hall, serial_shops, nicolae_shop_overgrown_old_shop
D:6:      layout_rooms, serial_shops, shop
D:7:      layout_cave_pools, lemuel_tele_altar, worms_lemuel, uniq_duvessa
D:8:      layout_basic, nicolae_uskayaw_murder_on_the_dancefloor,
          gammafunk_temple_overflow_elements, due_unseen_surprise
D:9:      layout_cave_pods, mainiacjoe_overflow_six_doors_small,
          nicolae_kikubaaqudgha_miasma_corner, serial_column_ruins,
          column_ruins_courtyard_long_water, column_ruins_temple_circle,
          column_ruins_open_tiny, column_ruins_corridor_straight,
          column_ruins_columns_straight, column_ruins_open_medium,
          column_ruins_grid_4, column_ruins_open_small_water, st_stairs_1,
          minmay_protected_statue
D:10:     layout_gridville, minmay_lair_entry_grove, hiddenorc1_lemuel
D:11:     layout_cave_pools, serial_glass, glass_columns_a, glass_columns_a,
          serial_bayou_pond_b, david_defended_altar_orc, uniq_fannar, uniq_snorg
D:13:     layout_rooms, serial_glass, glass_columns_b, glass_columns_a,
          item_on_display_a, item_on_display_a, due_unseen_surprise,
          hangedman_decor_points
D:14:     cheibrodos_orc_bank, layout_stronghold, david_vaults_5, serial_shops,
          nicolae_shop_temple_entry_statues_fountains
Temple:   minmay_temple_bridge_abc

Skill      XL: |  1  2  3  4  5  6  7  8  9 10 11 |
---------------+----------------------------------+-----
Axes           | 4 5 6 |  6.1
Fighting       | 4 5 6 7 8 9 |  9.0
Armour         | 3 4 5 7 8 10 11 12 | 12.5
Dodging        | 3 |  3.8
Maces & Flails | 1 2 4 8 11 13 | 13.9

Action                   |  1- 3 |  4- 6 |  7- 9 | 10-12 || total
-------------------------+-------+-------+-------+-------++-------
Melee: Hand axe          |    62 |   107 |       |       ||   169
       Headbutt          |    10 |    22 |    50 |    50 ||   132
       Club              |       |    33 |   250 |   278 ||   561
       Dire flail        |       |       |       |    24 ||    24
Invok: Berserk           |       |     2 |     3 |     8 ||    13
       Trog's Hand       |       |       |     1 |     1 ||     2
  Use: Scroll            |       |       |    12 |     6 ||    18
       Potion            |       |       |     1 |     4 ||     5
Armor: Animal skin       |     3 |       |       |       ||     3
       Chain mail        |    26 |    66 |       |       ||    92
       Plate armour      |       |    19 |   193 |   224 ||   436
Dodge: Dodged            |    45 |    58 |   103 |   125 ||   331

Table legend: (Time is in decaauts)
 A = Elapsed time spent in this place.
 B = Non-inter-level travel time spent in this place.
 C = Inter-level travel time spent in this place.
 D = Time resting spent in this place.
 E = Time spent auto-exploring this place.
 F = Levels seen in this place.
 G = Mean time per level.
                   A        B        C        D        E       F      G
               +--------+--------+--------+--------+--------+-----+--------+
         Total |  12751 |  12395 |    356 |   3787 |   6532 |  14 |  910.8 |
       Dungeon |  12552 |  12204 |    348 |   3787 |   6372 |  13 |  965.5 |
        Temple |    198 |    190 |      8 |      0 |    160 |   1 |  198.0 |
               +--------+--------+--------+--------+--------+-----+--------+

Top non-repeatable levels by time:
     D:9: 2350 daAuts
     D:4: 1536 daAuts
     D:7: 1399 daAuts
    D:10: 1227 daAuts
     D:5: 1160 daAuts
     D:3: 943 daAuts
     D:1: 942 daAuts
     D:6: 940 daAuts
     D:8: 748 daAuts
     D:2: 688 daAuts
    D:14: 545 daAuts
  Temple: 198 daAuts
    D:11: 64 daAuts
    D:13: 3 daAuts
